[Event "Late-Titled-Tuesday-Blitz-February-06-2024"]
[Site "Chess.com"]
[Date "2024.02.06"]
[Round "3"]
[White "viniciusrego"]
[Black "yuriydovzik"]
[Result "1-0"]
[WhiteElo "2468"]
[BlackElo "2208"]
[TimeControl "180+1"]
[EndTime "14:26:20 PST"]
[Termination "viniciusrego won by resignation"]

1. e4 Nf6 2. d3 d5 3. Nd2 c5 4. Ngf3 Nc6 5. g3 dxe4 6. dxe4 e6 7. Bg2 Be7 8. O-O O-O 9. c3 b6 10. Qe2 a5 11. Nc4 Ba6 12. a4 e5 13. Bg5 h6 14.
Bxf6 Bxf6 15. Rfd1 Qc7 16. Bf1 Rad8 17. Qc2 Rxd1 18.
Rxd1 Rd8 19. Ne3 Bxf1 20. Kxf1 Rxd1+ 21. Qxd1 Qd8 22. Nd5 Be7 23. Ne1 Bf8 24. Nc2 Ne7 25. Nf6+ 1-0

[Event "Late-Titled-Tuesday-Blitz-February-06-2024"]
[Site "Chess.com"]
[Date "2024.02.06"]
[Round "3"]
[White "Redzishchess"]
[Black "Kiborg95"]
[Result "0-1"]
[WhiteElo "2529"]
[BlackElo "2843"]
[TimeControl "180+1"]
[EndTime "14:26:27 PST"]
[Termination "Kiborg95 won by resignation"]

1. d4 d6 2. c4 e5 3. dxe5 dxe5 4. Qxd8+ Kxd8 5. Nf3 f6 6. Nc3 Be6 7. e3 Nd7 8. Bd2 c6 9. O-O-O Kc7 10. h4 Nh6 11.
h5 a5 12. a4 Nc5 13. Kb1 Bf5+ 14. Ka2 Rd8 15. Be2 Be7 16. Bc1 Bc2 17. Rxd8 Rxd8 18. Nd2 e4 19. b3 f5 20. Kb2 Bd3 21. Bd1 Bf6 22. Nb1 Bxb1 0-1

[Event "Late-Titled-Tuesday-Blitz-February-06-2024"]
[Site "Chess.com"]
[Date "2024.02.06"]
[Round "3"]
[White "lucliasco"]
[Black "Mikasinski"]
[Result "1-0"]
[WhiteElo "2879"]
[BlackElo "2601"]
[TimeControl "180+1"]
[EndTime "14:26:32 PST"]
[Termination "lucliasco won by checkmate"]

1. e4 c5 2. Nc3 Nc6 3. Bb5 Nd4 4. Nf3 a6 5. Bd3 Nc6 6. O-O d6 7. h3 g6 8. Nd5 Bg7 9. c3 Nf6 10. Nxf6+ Bxf6 11. Bc2 e5 12. d3 Be6 13. Bb3 Qe7 14.
Bxe6 fxe6 15. Nh2 O-O-O 16. b4 d5 17. Rb1 dxe4 18. b5 axb5 19. Rxb5 exd3 20. Qa4 d2 21.
Bxd2 Rxd2 22. Qa8+ Nb8 23. Ng4 Bg7 24. Rfb1 Rd7 25. Ne3 Rhd8 26. a4 Qd6 27. Nc4 Qa6 28. Rxc5+ Rc7 29. Nb6+ Qxb6 30. Rxb6 Rxc5 31. Qxb7# 1-0

[Event "Late-Titled-Tuesday-Blitz-February-06-2024"]
[Site "Chess.com"]
[Date "2024.02.06"]
[Round "3"]
[White "Akhayan"]
[Black "Quaide7"]
[Result "1-0"]
[WhiteElo "2372"]
[BlackElo "2119"]
[TimeControl "180+1"]
[EndTime "14:26:33 PST"]
[Termination "Akhayan won by resignation"]

1. e4 c6 2. Ne2 d5 3. e5 Bf5 4. Nd4 e6 5. Nxf5 exf5 6. d4 f6 7. Bd3 g6 8. O-O fxe5 9. dxe5 Bg7 10. c4 Ne7 11. Bg5 O-O 12. cxd5 cxd5 13. Nc3 Nbc6 14. f4 h6 15. Bh4 Kh7 16. Kh1 Qd7 17. Bb5 a6 18.
Ba4 Qe6 19. Bb3 Rad8 20. Qd2 Na5 21. Bc2 Nc4 22. Qf2 d4 23. Na4 Ne3 24. Bb3 Qd7 25. Nc5 Qc6 26. Bxe7 Rfe8 27. Bxd8 Rxd8 28. Ne6 Rd7 29.
Nxd4 1-0

[Event "Late-Titled-Tuesday-Blitz-February-06-2024"]
[Site "Chess.com"]
[Date "2024.02.06"]
[Round "3"]
[White "GiorgianBarbosa"]
[Black "bescmelasti"]
[Result "1-0"]
[WhiteElo "2472"]
[BlackElo "2654"]
[TimeControl "180+1"]
[EndTime "14:26:34 PST"]
[Termination "GiorgianBarbosa won on time"]

1. c4 e5 2. g3 Nf6 3. Bg2 c6 4.
Nc3 d5 5. cxd5 cxd5 6. d4 e4 7. Bg5 Nbd7 8. e3 h6 9. Bxf6 Nxf6 10. Nge2 Bd6 11. O-O O-O 12. a3 Be6 13. b4 Qd7 14. Qb3 Rfc8 15. Rfc1 h5 16. Nf4 Bxf4 17. exf4 Rc4 18.
Nd1 Rxd4 19. Qb2 Rc4 20. Rxc4 dxc4 21. Ne3 1-0

[Event "Late-Titled-Tuesday-Blitz-February-06-2024"]
[Site "Chess.com"]
[Date "2024.02.06"]
[Round "3"]
[White "thesupera12"]
[Black "Nick12772"]
[Result "1-0"]
[WhiteElo "2519"]
[BlackElo "2376"]
[TimeControl "180+1"]
[EndTime "14:26:34 PST"]
[Termination "thesupera12 won by resignation"]

1. d4 Nf6 2. Bg5 d5 3. Bxf6 exf6 4. e3 Bd6 5. c4 dxc4 6. Nc3 c6 7. Bxc4 O-O 8. Nf3 Bg4 9. h3 Bh5 10. O-O Nd7 11. Rc1 f5 12. Bd3 g6 13. Be2 Nf6 14. Qb3 Rb8 15. Rfd1 Ne4 16. Rc2 Nxc3 17. Qxc3 Rc8 18. Rdc1 Bb8 19. Qc5 b6 20. Qc4 Qd6 21.
Ne5 Bxe2 22. Qxe2 c5 23. Nf3 Qd5 24. dxc5 bxc5 25. b3 Bd6 26. Qa6 Rc7 27. Rd2 Qc6 28. Rxd6 1-0

[Event "Late-Titled-Tuesday-Blitz-February-06-2024"]
[Site "Chess.com"]
[Date "2024.02.06"]
[Round "3"]
[White "Andrei_Skvortsov"]
[Black "dcann0n88"]
[Result "1-0"]
[WhiteElo "2682"]
[BlackElo "2461"]
[TimeControl "180+1"]
[EndTime "14:26:37 PST"]
[Termination "Andrei_Skvortsov won by resignation"]

1. e4 c5 2. d4 cxd4 3. Qxd4 Nc6 4. Qe3 Nf6 5. c4 e6 6. Nc3 d6 7. Be2 Be7 8. Nf3 O-O 9. O-O b6 10. Rd1 a6 11. e5 Ng4 12. Qe4 Ngxe5 13. Nxe5 Nxe5 14.
Qxa8 Qc7 15. Qe4 Bb7 16. Qf4 Rc8 17. Be3 Qc6 18. Bf1 h6 19. Qg3 Kh8 20. Rac1 Bh4 21. Qxh4 Nf3+ 22. gxf3 Qxf3 23. Nd5 1-0

[Event "Late-Titled-Tuesday-Blitz-February-06-2024"]
[Site "Chess.com"]
[Date "2024.02.06"]
[Round "3"]
[White "MajorCoast"]
[Black "marianokar"]
[Result "0-1"]
[WhiteElo "2204"]
[BlackElo "2455"]
[TimeControl "180+1"]
[EndTime "14:26:40 PST"]
[Termination "marianokar won by checkmate"]

1. e4 e6 2. d4 d5 3. exd5 exd5 4. Nf3 Nc6 5. Bd3 Bg4 6. h3 Bh5 7. g4 Bg6 8. c3 Bd6 9. Bg5 f6 10. Be3 Nge7 11. h4 Qd7 12. h5 Bxd3 13.
Qxd3 Qxg4 14. Nbd2 O-O-O 15. O-O-O Rde8 16. Rdg1 Qf5 17. Qb5 a6 18. Qb3 g5 19. c4 Na5 20. Qa4 Nxc4 21. Nxc4 dxc4 22. Qxc4 Qxf3 23. Kb1 Nd5 24. Rc1 Kb8 25. Qb3 Nxe3 26. fxe3 Rxe3 27. Qa4 Rhe8 28.
Rhf1 Qe4+ 29. Ka1 Bf4 30. Rcd1 Re2 31. Qb3 Qc2 32. Qb4 Bd6 33. Qxd6 Qxb2# 0-1

[Event "Late-Titled-Tuesday-Blitz-February-06-2024"]
[Site "Chess.com"]
[Date "2024.02.06"]
[Round "3"]
[White "JonasGallasch"]
[Black "FairChess_on_YouTube"]
[Result "0-1"]
[WhiteElo "2382"]
[BlackElo "3045"]
[TimeControl "180+1"]
[EndTime "14:26:47 PST"]
[Termination "FairChess_on_YouTube won by resignation"]

1. d4 Nf6 2. c4 g6 3. Nf3 Bg7 4. g3 b6 5. Bg2 Bb7 6. O-O O-O 7. Nc3 Ne4 8. Nxe4 Bxe4 9. Nh4 Bxg2 10. Nxg2 d5 11. cxd5 Qxd5 12. Be3 Nc6 13. Rc1 Nxd4 14. Bxd4 Qxd4 15. Qxd4 Bxd4 16. Rxc7 Bxb2 17. Rxe7 Rfe8 18. Rxe8+ Rxe8 19. e3 Rc8 20. Rb1 Be5 21. Ne1 Rc3 22. Kf1 Ra3 23. Nc2 Rxa2 24. Nb4 Ra1 25. Rxa1 Bxa1 26. Na6 f5 27. Ke2 Kf7 28. Kd3 Ke6 29. Kc4 Ke5 30. f3 Kd6 31. Kb5 Bc3 32. Nb8 Bd2 33. e4 fxe4 34. fxe4 Be3 35. h3 h5 36. g4 h4 37. e5+ Kxe5 38. Nc6+ Kf4 39. Ne7 g5 40. Nd5+ Kf3 41. Ka6 Bc1 42. Kxa7 Kg3 43. Kxb6 Kxh3 44. Nf6 Kg2 45. Kc5 h3 46. Kd4 h2 0-1

[Event "Late-Titled-Tuesday-Blitz-February-06-2024"]
[Site "Chess.com"]
[Date "2024.02.06"]
[Round "3"]
[White "nikitadovbnya2008"]
[Black "Angry_Twin"]
[Result "0-1"]
[WhiteElo "2357"]
[BlackElo "3089"]
[TimeControl "180+1"]
[EndTime "14:26:49 PST"]
[Termination "Angry_Twin won by checkmate"]

1. d4 Nf6 2. c4 e6 3. Nc3 Bb4 4. f3 d5 5. a3 Be7 6. e4 dxc4 7. Bxc4 c5 8. d5 exd5 9. exd5 O-O 10. Bf4 Bd6 11. Bg5 h6 12. Bh4 Nbd7 13. Nb5 Be5 14. Ne2 a6 15. Nbc3 b5 16. Ba2 Qc7 17. Rc1 Re8 18. Bg3 Bxg3+ 19. hxg3 Qxg3+ 20. Kf1 Qe5 21. Qd2 Bb7 22. Rd1 Rad8 23. Rh4 Nb6 24. d6 c4 25. Bb1 Nbd7 26. Kf2 Nc5 27. Ng3 Nb3 28. Qc2 Rxd6 29. Rxd6 Qe1# 0-1

[Event "Late-Titled-Tuesday-Blitz-February-06-2024"]
[Site "Chess.com"]
[Date "2024.02.06"]
[Round "3"]
[White "AlexeiShirov"]
[Black "Bryanl106"]
[Result "1-0"]
[WhiteElo "2793"]
[BlackElo "2547"]
[TimeControl "180+1"]
[EndTime "14:26:58 PST"]
[Termination "AlexeiShirov won by resignation"]

1. e4 e5 2. Nf3 Nc6 3. Bb5 a6 4. Ba4 Nf6 5. O-O Be7 6. Re1 b5 7. Bb3 d6 8. c3 O-O 9. h3 a5 10. a4 bxa4 11. Bxa4 Bd7 12. d4 exd4 13. cxd4 Nb4 14.
Nc3 Bxa4 15. Rxa4 Re8 16. d5 Bf8 17. Bg5 h6 18. Bh4 g5 19. Bg3 Nd7 20. Nd4 Nc5 21. Ra1 Qf6 22. Re3 Qg6 23. Qe2 Bg7 24. Nf5 Be5 25. Nb5 Bxg3 26. Nxg3 Re7 27. Nd4 Qf6 28. Ndf5 Re5 29. Nh5 Qg6 30. f4 gxf4 31. Nxf4 Qf6 32. Nh5 Qh8 33. Rf1 Kf8 34. Nh4 Qh7 35. Ref3 Nxe4 36.
Rxf7+ Qxf7 37. Ng6+ Kg8 38. Rxf7 1-0

[Event "Late-Titled-Tuesday-Blitz-February-06-2024"]
[Site "Chess.com"]
[Date "2024.02.06"]
[Round "3"]
[White "MeisterJabo"]
[Black "Arteler"]
[Result "0-1"]
[WhiteElo "2326"]
[BlackElo "2504"]
[TimeControl "180+1"]
[EndTime "14:27:00 PST"]
[Termination "Arteler won by resignation"]

1. c4 c6 2. g3 d5 3. Bg2 Nf6 4.
Nf3 a6 5. b3 Bf5 6. O-O Nbd7 7.
d4 e6 8. Nc3 Be7 9. Bb2 b5 10.
Nh4 Bg4 11. Qc2 O-O 12. f3 Bh5 13. e4 bxc4 14. bxc4 dxe4 15. Nxe4 Nxe4 16. Qxe4 Bxh4 17. Qxh4 Qxh4 18. gxh4 Rab8 19. Ba3 c5 20. Rab1 h6 21. dxc5 Rxb1 22. Rxb1 Rc8 23. f4 Nxc5 24. Rb6 Nd3 25. Rxa6 Rxc4 26. Bf1 Rd4 27. Ra8+ Kh7 28. f5 Rg4+ 29. Bg2 Nf4 30. h3 Rxg2+ 31. Kf1 Rxa2 32. fxe6 Nxe6 33. Ra7 0-1

[Event "Late-Titled-Tuesday-Blitz-February-06-2024"]
[Site "Chess.com"]
[Date "2024.02.06"]
[Round "3"]
[White "OYAcosta"]
[Black "Jahonas"]
[Result "1-0"]
[WhiteElo "2175"]
[BlackElo "2369"]
[TimeControl "180+1"]
[EndTime "14:27:01 PST"]
[Termination "OYAcosta won by checkmate"]

1. d4 Nf6 2. c4 e6 3. Nc3 Bb4 4. Qc2 d5 5. Bg5 Nbd7 6. e3 h6 7. Bh4 a6 8. cxd5 exd5 9. Nf3 O-O 10. Bd3 c6 11. O-O Re8 12. Rfe1 b5 13. a3 Bd6 14. Rad1 Bb7 15. e4 dxe4 16. Nxe4 Be7 17. Ng3 Nd5 18.
Bxe7 Nxe7 19. b4 Qb6 20. Ne4 Nd5 21. Nd6 Rxe1+ 22. Rxe1 Rd8 23. Bh7+ Kf8 24. Nxf7 Kxf7 25. Qg6+ Kf8 26. Qd6+ Kf7 27. Qe6+ Kf8 28. Qg8# 1-0

[Event "Late-Titled-Tuesday-Blitz-February-06-2024"]
[Site "Chess.com"]
[Date "2024.02.06"]
[Round "3"]
[White "Alina_Gumerovna"]
[Black "KorolDimitriy75"]
[Result "0-1"]
[WhiteElo "2094"]
[BlackElo "2372"]
[TimeControl "180+1"]
[EndTime "14:27:03 PST"]
[Termination "KorolDimitriy75 won by checkmate"]

1. e4 c5 2. Nf3 d6 3. d4 cxd4 4. Nxd4 Nf6 5. Nc3 g6 6. f3 Bg7 7.
Be3 O-O 8. Qd2 Nc6 9. O-O-O d5 10. Nxc6 bxc6 11. exd5 Nxd5 12. Nxd5 cxd5 13. Bd4 e5 14.
Bc5 Be6 15. Bxf8 Qxf8 16. Kb1 Rb8 17. Bd3 e4 18. c3 exd3 19. g4 Qa3 20. Ka1 Rxb2 21.
Qxb2 Bxc3 22. Rb1 d4 23. Rhd1 Qxa2# 0-1

[Event "Late-Titled-Tuesday-Blitz-February-06-2024"]
[Site "Chess.com"]
[Date "2024.02.06"]
[Round "3"]
[White "pinguino120"]
[Black "jup1978"]
[Result "0-1"]
[WhiteElo "2269"]
[BlackElo "2514"]
[TimeControl "180+1"]
[EndTime "14:27:07 PST"]
[Termination "jup1978 won by resignation"]

1. e4 c6 2. d4 d5 3. exd5 cxd5 4. Bd3 Nc6 5. c3 Nf6 6. Bf4 Bg4 7. Qb3 Qd7 8. Nd2 e6 9. Ngf3 Bxf3 10. Nxf3 Bd6 11. Bxd6 Qxd6 12. O-O O-O 13. Rae1 Rab8 14. Ne5 Rfc8 15. a4 Na5 16. Qc2 Nc4 17. Bxc4 dxc4 18. f4 b5 19. a5 b4 20. f5 bxc3 21. bxc3 Rb3 22. Nxc4 Qb8 23. Nb6 Rbxc3 24. Qe2 axb6 25. fxe6 R3c7 26. e7 Re8 27. Rxf6 gxf6 28. Qg4+ Kh8 29. Qf5 Rc6 30. Re3 Qd6 31. d5 Rc1+ 32. Kf2 Rxe7 33.
axb6 Rxe3 34. Kxe3 Qxb6+ 0-1

[Event "Late-Titled-Tuesday-Blitz-February-06-2024"]
[Site "Chess.com"]
[Date "2024.02.06"]
[Round "3"]
[White "OverallStranger"]
[Black "koncheto"]
[Result "1-0"]
[WhiteElo "2281"]
[BlackElo "2497"]
[TimeControl "180+1"]
[EndTime "14:27:09 PST"]
[Termination "OverallStranger won by resignation"]

1. e4 e5 2. Nf3 Nf6 3. Nc3 Nc6 4. g3 d5 5. exd5 Nxd5 6. Bg2 Be6 7. O-O Be7 8. Re1 f6 9. d4 exd4 10. Nxd4 Nxc3 11. bxc3 Nxd4 12. cxd4 Qd7 13. Qe2 Kf7 14. d5 Bg4 15. Qc4 Bd6 16. Bf4 Bxf4 17. d6+ Be6 18. Rxe6 1-0

[Event "Late-Titled-Tuesday-Blitz-February-06-2024"]
[Site "Chess.com"]
[Date "2024.02.06"]
[Round "3"]
[White "TheCavemanChess"]
[Black "wanyaland"]
[Result "1-0"]
[WhiteElo "2708"]
[BlackElo "2484"]
[TimeControl "180+1"]
[EndTime "14:27:11 PST"]
[Termination "TheCavemanChess won by resignation"]

1. e4 c5 2. Nf3 e6 3. d4 cxd4 4. Nxd4 Nc6 5. Nc3 Qc7 6. Be3 a6 7. Qf3 Nf6 8. O-O-O Bb4 9. Nxc6 bxc6 10. Bd4 e5 11.
Qg3 d6 12. Qxg7 exd4 13. Qxh8+ Ke7 14. Rxd4 Bc5 15. Rd2 Bb7 16. Qg7 Rg8 17. Qh6 Bb4 18. Qe3 Qa5 19. f3 Bc5 20. Qe1 Bc8 21. Bc4 Be6 22.
Bxe6 fxe6 23. e5 Nd5 24. exd6+ Bxd6 25. Nxd5+ cxd5 26. Kb1 Rb8 27. Re2 Qxe1+ 28. Rhxe1 e5 29. f4 e4 30. c4 Bxf4 31. cxd5 e3 32. g3 Bh6 33.
Rxe3+ Bxe3 34. Rxe3+ Kd6 35. Re6+ Kxd5 36. Rxa6 Rb7 37.
Rh6 Ke4 38. b3 Kd3 39. Kb2 Rc7 40. Rd6+ Ke3 41. a4 1-0

[Event "Late-Titled-Tuesday-Blitz-February-06-2024"]
[Site "Chess.com"]
[Date "2024.02.06"]
[Round "3"]
[White "ninguno46"]
[Black "Iuckyducky"]
[Result "1-0"]
[WhiteElo "2520"]
[BlackElo "2270"]
[TimeControl "180+1"]
[EndTime "14:27:11 PST"]
[Termination "ninguno46 won by resignation"]

1. e4 c5 2. Nc3 Nc6 3. f4 g6 4.
Nf3 Bg7 5. Bb5 Nd4 6. O-O a6 7. Bd3 Nf6 8. Nxd4 cxd4 9. Ne2 d6 10. b3 O-O 11. Bb2 e5 12. c3 dxc3 13. Nxc3 Qb6+ 14. Kh1 Bg4 15. Be2 Bxe2 16. Qxe2 exf4 17. Rxf4 Rae8 18. Rxf6 Bxf6 19. Nd5 Bxb2 20. Nxb6 Bxa1 21. Nd7 Rc8 22. g3 Rc1+ 23. Kg2 Rfc8 24. Nb6 R8c2 25. Nd5 Bc3 26. Nxc3 1-0

[Event "Late-Titled-Tuesday-Blitz-February-06-2024"]
[Site "Chess.com"]
[Date "2024.02.06"]
[Round "3"]
[White "campochess"]
[Black "Supergiuly"]
[Result "1-0"]
[WhiteElo "2097"]
[BlackElo "2336"]
[TimeControl "180+1"]
[EndTime "14:27:26 PST"]
[Termination "campochess won by resignation"]

1. Nf3 b6 2. e4 Bb7 3. Nc3 d6 4. d4 g6 5. Bb5+ Nd7 6. Be3 a6 7. Bxd7+ Qxd7 8. O-O Bg7 9. Qd2 e6 10. Rfe1 Ne7 11. Bh6 O-O 12. Bxg7 Kxg7 13. Qg5 h6 14. Qg3 c5 15. Rad1 Qc6 16. dxc5 dxc5 17. Rd6 Qc7 18. Red1 Nc6 19. h4 Kh7 20. h5 g5 21. e5 Rfd8 22. Ne4 Ne7 23. Nf6+ Kh8 24. Nxg5 Nf5 25.
Nxf7+ Qxf7 26. Rxd8+ Qf8 27. Qg6 1-0

[Event "Late-Titled-Tuesday-Blitz-February-06-2024"]
[Site "Chess.com"]
[Date "2024.02.06"]
[Round "3"]
[White "aleksanchess"]
[Black "VitaliyChayka"]
[Result "0-1"]
[WhiteElo "2185"]
[BlackElo "2418"]
[TimeControl "180+1"]
[EndTime "14:27:32 PST"]
[Termination "VitaliyChayka won by resignation"]

1. d4 d6 2. c4 e5 3. e3 Nd7 4. Nc3 g6 5. d5 Bg7 6. e4 a5 7.
Nf3 Nc5 8. Qc2 h6 9. Be3 f5 10. Bxc5 dxc5 11. exf5 Bxf5 12. Bd3 Ne7 13. O-O O-O 14. Ne4 b6 15. Nh4 g5 16. Nxf5 Nxf5 17.
Qe2 Qe8 18. Qg4 Nd4 19. h4 Rf4 20. Qd1 gxh4 21. Rc1 Kh8 22. Bb1 Qe7 23. Qd3 Rg8 24. Nxc5 e4 25. Nxe4 Be5 26. d6 cxd6 27. Nc3 Qg7 28.
Qh3 Rf3 29. g3 hxg3 30. Kg2 gxf2+ 0-1

[Event "Late-Titled-Tuesday-Blitz-February-06-2024"]
[Site "Chess.com"]
[Date "2024.02.06"]
[Round "3"]
[White "Chessdude1987"]
[Black "zverr1"]
[Result "0-1"]
[WhiteElo "2294"]
[BlackElo "2566"]
[TimeControl "180+1"]
[EndTime "14:27:37 PST"]
[Termination "zverr1 won by resignation"]

1. e4 c5 2. Nf3 Nc6 3. d4 cxd4 4. Nxd4 g6 5. c4 Nf6 6. Be3 Nxe4 7. Bd3 Nf6 8. O-O Bg7 9. Nc3 O-O 10. Nxc6 dxc6 11.
Qe2 Qc7 12. Rad1 e5 13. Bc5 Re8 14. Ne4 Nxe4 15. Bxe4 Be6 16. Bd6 Qb6 17. c5 Qa5 18. a3 f5 19. Bb1 e4 20. Kh1 Rad8 21. Qe3 Bd5 22. b4 Qa4 23. Rd2 Bf8 24. Bc7 Rd7 25.
Bf4 Red8 26. Rfd1 Be6 27. Bd6 Bxd6 28. cxd6 Rxd6 29. Bc2 Qxc2 30. Rxd6 Qxd1+ 31. Rxd1 Rxd1+ 0-1

[Event "Late-Titled-Tuesday-Blitz-February-06-2024"]
[Site "Chess.com"]
[Date "2024.02.06"]
[Round "3"]
[White "aghasiyevkamal"]
[Black "kai_nov"]
[Result "1-0"]
[WhiteElo "2620"]
[BlackElo "2295"]
[TimeControl "180+1"]
[EndTime "14:27:37 PST"]
[Termination "aghasiyevkamal won by resignation"]

1. d4 d5 2. c4 e6 3. Nc3 c6 4. cxd5 exd5 5. Nf3 Bd6 6. Bg5 f6 7. Bh4 Ne7 8. e3 Qb6 9. a3 Bf5 10. Na4 Qa5+ 11. b4 Qc7 12. Bg3 Nd7 13. Nc5 Bxg3 14. hxg3 a5 15. Nh4 axb4 16. Nxf5 Nxf5 17. Bd3 Nxc5 18.
dxc5 Qe5 19. O-O Rxa3 20. Rxa3 bxa3 21. Qa4 O-O 22. Qxa3 g6 23. Qb4 Rf7 24. e4 Nd4 25.
f4 Qe8 26. Qxd4 dxe4 27. Bc4 Kg7 28. Bxf7 Qxf7 29. Qxe4 1-0

[Event "Late-Titled-Tuesday-Blitz-February-06-2024"]
[Site "Chess.com"]
[Date "2024.02.06"]
[Round "3"]
[White "Teidi96"]
[Black "pfalcon1949"]
[Result "1-0"]
[WhiteElo "2337"]
[BlackElo "1955"]
[TimeControl "180+1"]
[EndTime "14:27:37 PST"]
[Termination "Teidi96 won by resignation"]

1. e4 e6 2. d4 d5 3. Nd2 Nc6 4. Ngf3 Nf6 5. e5 Nd7 6. Be2 f6 7. exf6 Qxf6 8. Nf1 Bd6 9. Ne3 O-O 10. O-O Ne7 11. c4 c6 12. b3 Ng6 13. Ng4 Qf7 14. Ng5 Qe7 15. Bd3 dxc4 16. bxc4 e5 17. Bxg6 hxg6 18. Qd3 exd4 19. Qxg6 Nf6 20. Nxf6+ Rxf6 21. Qh7+ 1-0

[Event "Late-Titled-Tuesday-Blitz-February-06-2024"]
[Site "Chess.com"]
[Date "2024.02.06"]
[Round "3"]
[White "SpeedofLight0"]
[Black "SchmakAttack"]
[Result "1-0"]
[WhiteElo "3039"]
[BlackElo "2757"]
[TimeControl "180+1"]
[EndTime "14:27:40 PST"]
[Termination "SpeedofLight0 won by resignation"]

1. d4 d5 2. Nc3 e6 3. Bf4 Nf6 4. e3 Bb4 5. Bd3 c5 6. dxc5 Nbd7 7. Nf3 Nxc5 8. O-O O-O 9. Bg5 h6 10. Bh4 a6 11. Qe2 Re8 12. Rad1 Qe7 13. Ne5 Nxd3 14. Rxd3 Bd6 15. Ng4 b5 16. Qf3 Kf8 17. Nxf6 gxf6 18. Bxf6 Qc7 19. Qh5 Re7 20. Qxh6+ Ke8 21. a3 Bb7 22.
Rfd1 Be5 23. Ne4 Kd7 24. Bxe7 Kxe7 25. Qh4+ Kf8 26. Ng5 Rc8 27. c3 Bg7 28. e4 dxe4 29. Rd7 1-0

[Event "Late-Titled-Tuesday-Blitz-February-06-2024"]
[Site "Chess.com"]
[Date "2024.02.06"]
[Round "3"]
[White "snowlord"]
[Black "HalfIsCrayfish"]
[Result "1-0"]
[WhiteElo "2871"]
[BlackElo "2581"]
[TimeControl "180+1"]
[EndTime "14:27:40 PST"]
[Termination "snowlord won by checkmate"]

1. d4 Nf6 2. c4 g6 3. Nc3 d5 4. h4 c6 5. cxd5 Nxd5 6. h5 Nxc3 7. bxc3 Bg7 8. Nf3 Nd7 9. e4 e5 10.
Bc4 Nb6 11. Bb3 O-O 12. hxg6 hxg6 13. Bh6 exd4 14. Qc1 d3 15. Bxg7 d2+ 16. Nxd2 Kxg7 17. Nf3 Rh8 18. Rxh8 Qxh8 19. Qf4 Qh1+ 20. Ke2 Qxa1 21.
Qxf7+ Kh6 22. Qf8+ Kh5 23. Qh8+ Kg4 24. Qh4# 1-0

[Event "Late-Titled-Tuesday-Blitz-February-06-2024"]
[Site "Chess.com"]
[Date "2024.02.06"]
[Round "3"]
[White "cthake"]
[Black "valeriocarnicelli"]
[Result "0-1"]
[WhiteElo "1808"]
[BlackElo "2531"]
[TimeControl "180+1"]
[EndTime "14:27:43 PST"]
[Termination "valeriocarnicelli won on time"]

1. c4 e6 2. Nc3 Nf6 3. g3 d5 4.
cxd5 exd5 5. Bg2 c6 6. d3 Be7 7. Bd2 O-O 8. Nf3 Re8 9. O-O h6 10. Rb1 a5 11. Qc2 Na6 12. a3 b5 13. Ne5 Bb7 14.
d4 Rc8 15. Bh3 Rc7 16. Qf5 Bc8 17. Nxf7 Bxf5 18. Nxd8 Bxh3 19. Bf4 Bxd8 20. Bxc7 Bxc7 21. Rfe1 a4 22. e3 Ba5 23. Rec1 Bf5 24. Ra1 Bd3 25. Nd1 Bc4 26. Nc3 Ne4 27. Nxe4 Rxe4 28. Kg2 Nc7 29. Kf3 g5 30. g4 Kg7 31. h3 Kg6 32. Rh1 Ne8 33.
h4 Nf6 34. hxg5 hxg5 35. Rh8 Rxg4 36. Rc8 Rh4 37. Rxc6 Bd3 38. Rg1 Kf5 0-1

[Event "Late-Titled-Tuesday-Blitz-February-06-2024"]
[Site "Chess.com"]
[Date "2024.02.06"]
[Round "3"]
[White "j_coca"]
[Black "Mikhail_Golubev"]
[Result "0-1"]
[WhiteElo "2450"]
[BlackElo "2665"]
[TimeControl "180+1"]
[EndTime "14:27:45 PST"]
[Termination "Mikhail_Golubev won by resignation"]

1. f4 Nf6 2. Nf3 Nc6 3. e3 d6 4. d4 d5 5. c3 g6 6. Bd3 Bg7 7. Nbd2 O-O 8. O-O Bf5 9. Qc2 Bxd3 10. Qxd3 e6 11. Ne5 Nd7 12. e4 dxe4 13. Qxe4 Nf6 14. Qf3 Qd5 15. Nxc6 bxc6 16. Nb3 a5 17. Qe2 a4 18. Nc5 Nd7 19. Nxd7 Qxd7 20. Be3 Rfb8 21. Rf2 Qd5 22. g4 c5 23. dxc5 a3 24. b3 Bxc3 25.
Rd1 Qe4 26. f5 exf5 27. gxf5 Re8 28. fxg6 hxg6 29. Qf3 Qxe3 30. Qxf7+ Kh8 31. Rd7 Qg5+ 0-1

[Event "Late-Titled-Tuesday-Blitz-February-06-2024"]
[Site "Chess.com"]
[Date "2024.02.06"]
[Round "3"]
[White "StellarChess"]
[Black "familijatop71"]
[Result "1-0"]
[WhiteElo "2574"]
[BlackElo "2316"]
[TimeControl "180+1"]
[EndTime "14:27:47 PST"]
[Termination "StellarChess won on time"]

1. d4 d5 2. Nf3 Nf6 3. Bf4 c5 4.
c3 Nc6 5. e3 Qb6 6. Qc1 Bf5 7.
Be2 e6 8. O-O h6 9. Nbd2 cxd4 10. exd4 Be7 11. Bd1 Rc8 12. Nb3 O-O 13. Bc2 Bxc2 14.
Qxc2 Ne4 15. Qe2 a5 16. Nc1 a4 17. a3 Na5 18. Ne5 Nc4 19. Nxc4 Rxc4 20. Nd3 Bd6 21. Bxd6 Qxd6 22. f3 Nf6 23. Rfe1 Rcc8 24. g4 Qb6 25. Kh1 Nd7 26. Rg1 Rfe8 27. g5 hxg5 28. Rxg5 Nf6 29. Qe5 Kf8 30. Rag1 Qb5 31. Rxg7 Qxd3 32. Qxf6 1-0

[Event "Late-Titled-Tuesday-Blitz-February-06-2024"]
[Site "Chess.com"]
[Date "2024.02.06"]
[Round "3"]
[White "The_Straightforward_Rook"]
[Black "Incognito_Knight"]
[Result "0-1"]
[WhiteElo "2427"]
[BlackElo "2721"]
[TimeControl "180+1"]
[EndTime "14:27:51 PST"]
[Termination "Incognito_Knight won by resignation"]

1. e4 d5 2. exd5 Qxd5 3. Nc3 Qe5+ 4. Qe2 Qxe2+ 5. Bxe2 c6 6. Nf3 Bf5 7. d3 Nd7 8. O-O e6 9. Bf4 Be7 10. h3 h6 11. Ne4 Bxe4 12. dxe4 Ngf6 13. Nd2 e5 14.
Be3 Bc5 15. Nc4 Bxe3 16. Nxe3 Nxe4 17. Nf5 g6 18. Ne3 O-O-O 19. a4 Kc7 20. Rfd1 f5 21.
Nc4 Rhe8 22. a5 Ndf6 23. Rxd8 Kxd8 24. Bf1 Kc7 25. Re1 Nd7 26. g4 Nd6 27. Rd1 Nxc4 28. Bxc4 Re7 29. Kg2 e4 30. Kg3 e3 31. fxe3 Rxe3+ 32.
Kf4 Re4+ 0-1

[Event "Late-Titled-Tuesday-Blitz-February-06-2024"]
[Site "Chess.com"]
[Date "2024.02.06"]
[Round "3"]
[White "DreamsAreFake"]
[Black "Baronessa08"]
[Result "1-0"]
[WhiteElo "2726"]
[BlackElo "2526"]
[TimeControl "180+1"]
[EndTime "14:27:54 PST"]
[Termination "DreamsAreFake won by resignation"]

1. Nf3 d5 2. g3 c6 3. c3 g6 4. Na3 Bg7 5. d4 Nf6 6. Nc2 Bf5 7. Bg2 Nbd7 8. O-O O-O 9. h3 Re8 10.
Bf4 Nh5 11. Be3 Be4 12. Nce1 e5 13. dxe5 Nxe5 14. Nxe5 Rxe5 15. Bd4 Re8 16. Nd3 Bxg2 17. Kxg2 Bxd4 18. cxd4 Qe7 19. e3 Nf6 20. a4 Ne4 21. a5 a6 22. Ra4 Rad8 23. Rb4 Rd7 24. Qc2 f6 25. h4 h5 26. Ra1 Kg7 27. Ra3 Rh8 28. Rab3 g5 29. hxg5 h4 30. gxf6+ Qxf6 31. Rxb7 h3+ 32. Kh2 Rd8 33. Ne5 Rxb7 34. Rxb7+ Kg8 35.
Rf7 Qe6 36. Rf4 Rb8 37. f3 Ng5 38. Rg4 Qf6 39. f4 1-0